PL
AUSTIN RANGERS @ THUNDER BAY NORTHERN LIONS BC
06/26/2027
 
TOP OF THE 1ST
Austin Rangers batting - Pitching for Thunder Bay Northern Lions BC : RHP Bill Lee
Pitching: RHP Bill Lee
Batting: RHB Miguel Morán 0-0: Called Strike
0-1: Ground out 6-3 (Groundball, 6)
Batting: RHB José Muńóz 0-0: Called Strike
0-1: Called Strike
0-2: Ground out 6-3 (Groundball, 6)
Batting: LHB Count Dante 0-0: SINGLE (Groundball, 56D)
Batting: LHB Jesús Reyes 0-0: Ball
1-0: Called Strike
1-1: Ball
2-1: Foul Ball, location: 2F
2-2: Ball
3-2: Foul Ball, location: 2F
3-2: Foul Ball, location: 2F
3-2: Ground out 4-3 (Groundball, 34)
Top of the 1st over - 0 run(s), 1 hit(s), 0 error(s), 1 left on base; Austin 0 - Thunder Bay 0
BOTTOM OF THE 1ST
Thunder Bay Northern Lions BC batting - Pitching for Austin Rangers : RHP Art Adams
Pitching: RHP Art Adams
Batting: SHB Terumoto Kurihara 0-0: Called Strike
0-1: Called Strike
0-2: Strikes out swinging
Batting: RHB Keith Fish 0-0: Ball
1-0: SINGLE (Flyball, 78S)
Batting: RHB Wilfred McLaughlin 0-0: Ball
1-0: Called Strike
1-1: Fly out, F7 (Flyball, 78S)
Batting: LHB David Smith 0-0: Ball
1-0: Ball
2-0: Ball
3-0: Called Strike
3-1: Called Strike
3-2: Foul Ball, location: 2F
3-2: Foul Ball, location: 2F
3-2: Fly out, F7 (Flyball, 7)
Bottom of the 1st over - 0 run(s), 1 hit(s), 0 error(s), 1 left on base; Austin 0 - Thunder Bay 0
TOP OF THE 2ND
Austin Rangers batting - Pitching for Thunder Bay Northern Lions BC : RHP Bill Lee
Batting: SHB Xavier Vásquez 0-0: Called Strike
0-1: Ball
1-1: Ball
2-1: Foul Ball, location: 2F
2-2: Strikes out swinging
Batting: RHB Jeff Green 0-0: Ball
1-0: Ball
2-0: Ball
3-0: Base on Balls
Batting: RHB Matt Sheppard 0-0: Ball
1-0: Ball
2-0: SINGLE (Flyball, 89S)
Jeff Green to second
Batting: LHB Enrique Sánchez 0-0: Called Strike
0-1: Ball
1-1: Foul Ball, location: 2F
1-2: Ball
2-2: Foul Ball, location: 2F
2-2: Ball
3-2: Foul Ball, location: 2F
3-2: Foul Ball, location: 2F
3-2: Foul Ball, location: 2F
3-2: Foul Ball, location: 2F
3-2: Base on Balls
Jeff Green to third
Matt Sheppard to second
Batting: RHB Rodney Hanna 0-0: Foul Ball, location: 2F
0-1: Foul Ball, location: 2F
0-2: Foul Ball, location: 2F
0-2: Fly out, F9 (Flyball, 9LS)
Batting: RHB Miguel Morán 0-0: Ball
1-0: DOUBLE (Line Drive, 7LM)
Jeff Green scores
Matt Sheppard scores
Enrique Sánchez to third
Runner from 3rd tries for Home, throw and OUT!
Top of the 2nd over - 2 run(s), 2 hit(s), 0 error(s), 1 left on base; Austin 2 - Thunder Bay 0
BOTTOM OF THE 2ND
Thunder Bay Northern Lions BC batting - Pitching for Austin Rangers : RHP Art Adams
Batting: SHB Carlos Rodríguez 0-0: Called Strike
0-1: Ball
1-1: Ball
2-1: Ball
3-1: SINGLE (Line Drive, 78S)
Batting: RHB Carlos Padilla 0-0: Ball
1-0: Foul Ball, location: 2F
1-1: Foul Ball, location: 2F
1-2: Strikes out swinging
Batting: RHB Ray John 0-0: Foul Ball, location: 2F
0-1: Fly out, F7 (Flyball, 7)
Batting: LHB Ramón Gómez 0-0: Called Strike
0-1: 2-RUN HOME RUN (Flyball, 9D), Distance : 364 ft
Batting: RHB António Mendoza 0-0: Called Strike
0-1: Ball
1-1: Ball
2-1: Foul Ball, location: 2F
2-2: Foul Ball, location: 2F
2-2: SINGLE (Groundball, 56D)
Batting: SHB Terumoto Kurihara 0-0: Fielders Choice at 2nd, 4-6 (Groundball, 34)
Bottom of the 2nd over - 2 run(s), 3 hit(s), 0 error(s), 0 left on base; Austin 2 - Thunder Bay 2
TOP OF THE 3RD
Austin Rangers batting - Pitching for Thunder Bay Northern Lions BC : RHP Bill Lee
Batting: RHB José Muńóz 0-0: Ball
1-0: DOUBLE (Line Drive, 7LS)
Batting: LHB Count Dante 0-0: Ball
1-0: Called Strike
1-1: Ball
2-1: Foul Ball, location: 2F
2-2: 2-RUN HOME RUN (Flyball, 78XD), Distance : 425 ft
Batting: LHB Jesús Reyes 0-0: Foul Ball, location: 2F
0-1: Called Strike
0-2: Ball
1-2: Ball
2-2: Ball
3-2: Base on Balls
Batting: SHB Xavier Vásquez 0-0: Called Strike
0-1: Ball
1-1: Ball
2-1: Ball
3-1: 2-RUN HOME RUN (Line Drive, 9D), Distance : 350 ft
Batting: RHB Jeff Green 0-0: Called Strike
0-1: Swinging Strike
0-2: Ball
1-2: Strikes out looking
Batting: RHB Matt Sheppard 0-0: Called Strike
0-1: Foul Ball, location: 2F
0-2: Ball
1-2: Strikes out swinging
Batting: LHB Enrique Sánchez 0-0: Fly out, F8 (Flyball, 8LS)
Top of the 3rd over - 4 run(s), 3 hit(s), 0 error(s), 0 left on base; Austin 6 - Thunder Bay 2
BOTTOM OF THE 3RD
Thunder Bay Northern Lions BC batting - Pitching for Austin Rangers : RHP Art Adams
Batting: RHB Keith Fish 0-0: Ground out 4-3 (Groundball, 4)
Batting: RHB Wilfred McLaughlin 0-0: Fly out, F9 (Flyball, 89M)
Batting: LHB David Smith 0-0: SINGLE (Line Drive, 7LS)
Batting: SHB Carlos Rodríguez 0-0: Ball
1-0: Ball
2-0: Ball
3-0: Base on Balls
David Smith to second
Batting: RHB Carlos Padilla 0-0: Ball
1-0: Ball
2-0: Foul Ball, location: 2F
2-1: Ball
3-1: Called Strike
3-2: Strikes out swinging
Bottom of the 3rd over - 0 run(s), 1 hit(s), 0 error(s), 2 left on base; Austin 6 - Thunder Bay 2
TOP OF THE 4TH
Austin Rangers batting - Pitching for Thunder Bay Northern Lions BC : RHP Bill Lee
Batting: RHB Rodney Hanna 0-0: Ball
1-0: Foul Ball, location: 2F
1-1: DOUBLE (Groundball, 5L)
Batting: RHB Miguel Morán 0-0: Ball
1-0: Called Strike
1-1: Ball
2-1: Ground out 5-3 (Groundball, 56S)
Rodney Hanna to third
Batting: RHB José Muńóz 0-0: Called Strike
0-1: Ball
1-1: Foul Ball, location: 2F
1-2: Ball
2-2: Foul Ball, location: 2F
2-2: Ball
3-2: Base on Balls
Batting: LHB Count Dante 0-0: Ball
1-0: Called Strike
José Muńóz is caught stealing 2nd base
1-1: Ball
2-1: Foul Ball, location: 2F
2-2: Strikes out swinging
Top of the 4th over - 0 run(s), 1 hit(s), 0 error(s), 1 left on base; Austin 6 - Thunder Bay 2
BOTTOM OF THE 4TH
Thunder Bay Northern Lions BC batting - Pitching for Austin Rangers : RHP Art Adams
Batting: RHB Ray John 0-0: Ball
1-0: Swinging Strike
1-1: Fly out, F5 (Popup, 5S)
Batting: LHB Ramón Gómez 0-0: Called Strike
0-1: Ball
1-1: Foul Ball, location: 2F
1-2: Strikes out swinging
Batting: RHB António Mendoza 0-0: Ball
1-0: Called Strike
1-1: Ball
2-1: Fly out, F9 (Flyball, 9LS)
Bottom of the 4th over - 0 run(s), 0 hit(s), 0 error(s), 0 left on base; Austin 6 - Thunder Bay 2
TOP OF THE 5TH
Austin Rangers batting - Pitching for Thunder Bay Northern Lions BC : RHP Bill Lee
Pitching: RHP Jorge Castillo
Batting: LHB Jesús Reyes 0-0: Swinging Strike
0-1: Called Strike
0-2: Ball
1-2: Ball
2-2: Fly out, F9 (Flyball, 89D)
Batting: SHB Xavier Vásquez 0-0: Foul Ball, location: 2F
0-1: Ground out U3 (Groundball, 34)
Batting: RHB Jeff Green 0-0: Ball
1-0: Foul Ball, location: 2F
1-1: Ball
2-1: SINGLE (Groundball, 6M) (infield hit)
Batting: RHB Matt Sheppard 0-0: Ball
1-0: Ball
2-0: Foul Ball, location: 2F
2-1: Called Strike
2-2: Ball
3-2: Fly out, F9 (Flyball, 89M)
Top of the 5th over - 0 run(s), 1 hit(s), 0 error(s), 1 left on base; Austin 6 - Thunder Bay 2
BOTTOM OF THE 5TH
Thunder Bay Northern Lions BC batting - Pitching for Austin Rangers : RHP Art Adams
Batting: SHB Terumoto Kurihara 0-0: Called Strike
0-1: Ball
1-1: Foul Ball, location: 2F
1-2: Fly out, F7 (Flyball, 78M)
Batting: RHB Keith Fish 0-0: Ball
1-0: SINGLE (Line Drive, 34)
Batting: RHB Wilfred McLaughlin 0-0: Called Strike
0-1: Ball
1-1: Called Strike
1-2: Strikes out looking
Batting: LHB David Smith 0-0: Ball
1-0: Fly out, F9 (Flyball, 9)
Bottom of the 5th over - 0 run(s), 1 hit(s), 0 error(s), 1 left on base; Austin 6 - Thunder Bay 2
TOP OF THE 6TH
Austin Rangers batting - Pitching for Thunder Bay Northern Lions BC : RHP Jorge Castillo
Batting: LHB Enrique Sánchez 0-0: Ball
1-0: Ball
2-0: Swinging Strike
2-1: Called Strike
2-2: Ground out 1-3 (Groundball, 15)
Batting: RHB Rodney Hanna 0-0: Foul Ball, location: 2F
0-1: Ball
1-1: Called Strike
1-2: Ground out 1-3 (Groundball, 13S)
Batting: RHB Miguel Morán 0-0: Ball
1-0: Called Strike
1-1: Foul Ball, location: 2F
1-2: Ground out 6-3 (Groundball, 6)
Top of the 6th over - 0 run(s), 0 hit(s), 0 error(s), 0 left on base; Austin 6 - Thunder Bay 2
BOTTOM OF THE 6TH
Thunder Bay Northern Lions BC batting - Pitching for Austin Rangers : RHP Art Adams
Batting: SHB Carlos Rodríguez 0-0: Ball
1-0: Foul Ball, location: 2F
1-1: Ball
2-1: Ball
3-1: Base on Balls
Batting: RHB Carlos Padilla 0-0: Called Strike
0-1: Ball
1-1: Swinging Strike
1-2: Strikes out swinging
Batting: RHB Ray John 0-0: Hit by Pitch
Carlos Rodríguez to second
Batting: LHB Ramón Gómez 0-0: Ball
1-0: Foul Ball, location: 2F
1-1: Called Strike
1-2: Ball
2-2: Ball
3-2: SINGLE (Groundball, 56D)
Carlos Rodríguez to third
Ray John to second
Runner from 3rd tries for Home, SAFE, throw made home
Ray John to third
Ramón Gómez to second
Batting: RHB António Mendoza 0-0: Ball
1-0: Fly out, F8 (Flyball, 89M)
Runner from 3rd tags up, SCORES, throw made
Batting: SHB Terumoto Kurihara 0-0: Ball
1-0: Foul Ball, location: 2F
1-1: Called Strike
1-2: Ball
2-2: Ball
3-2: Ground out 4-3 (Groundball, 4)
Bottom of the 6th over - 2 run(s), 1 hit(s), 0 error(s), 1 left on base; Austin 6 - Thunder Bay 4
TOP OF THE 7TH
Austin Rangers batting - Pitching for Thunder Bay Northern Lions BC : RHP Jorge Castillo
Batting: RHB José Muńóz 0-0: Ball
1-0: Ball
2-0: Fly out, F5 (Popup, 5L)
Batting: LHB Count Dante 0-0: Called Strike
0-1: Ball
1-1: Ball
2-1: Ball
3-1: Base on Balls
Batting: LHB Jesús Reyes 0-0: Called Strike
0-1: DOUBLE (Line Drive, 9LS)
Count Dante to third
Runner from 3rd tries for Home, SAFE, no throw
Batting: SHB Xavier Vásquez 0-0: Swinging Strike
0-1: Foul Ball, location: 2F
0-2: SINGLE (Line Drive, 8RS)
Jesús Reyes to third
Runner from 3rd tries for Home, SAFE, throw made home
Xavier Vásquez to second
Batting: RHB Jeff Green 0-0: Ball
1-0: Ball
2-0: Foul Ball, location: 2F
2-1: Called Strike
2-2: Ball
3-2: Base on Balls
Batting: RHB Matt Sheppard 0-0: Ball
1-0: Foul Ball, location: 2F
1-1: Foul Ball, location: 2F
1-2: Strikes out looking
Batting: LHB Enrique Sánchez 0-0: Ball
1-0: Foul Ball, location: 2F
1-1: Ball
2-1: Ball
3-1: Base on Balls
Xavier Vásquez to third
Jeff Green to second
Pitching: LHP Jake O'Tomalty
Batting: RHB Rodney Hanna 0-0: Ball
1-0: Ball
2-0: Called Strike
2-1: SINGLE (Groundball, 6) (infield hit)
Xavier Vásquez scores
Jeff Green to third
Enrique Sánchez to second
Batting: RHB Miguel Morán 0-0: Called Strike
0-1: Called Strike
0-2: Fly out, F4 (Line Drive, 4M)
Top of the 7th over - 3 run(s), 3 hit(s), 0 error(s), 3 left on base; Austin 9 - Thunder Bay 4
BOTTOM OF THE 7TH
Thunder Bay Northern Lions BC batting - Pitching for Austin Rangers : RHP Art Adams
Batting: RHB Keith Fish 0-0: Ball
1-0: Ball
2-0: Fly out, F5 (Line Drive, 5S)
Batting: RHB Wilfred McLaughlin 0-0: Swinging Strike
0-1: Called Strike
0-2: Ball
1-2: Foul Ball, location: 2F
1-2: Ball
2-2: SINGLE (Line Drive, 6D)
Batting: LHB David Smith 0-0: Ball
1-0: Called Strike
1-1: Ball
2-1: Ball
3-1: SINGLE (Line Drive, 7S)
Wilfred McLaughlin to second
Batting: SHB Carlos Rodríguez 0-0: Called Strike
0-1: Ball
1-1: Ball
2-1: Swinging Strike
2-2: Strikes out swinging
Pitching: RHP Albert Emery
Batting: RHB Carlos Padilla 0-0: Foul Ball, location: 2F
0-1: SINGLE (Flyball, 9LS)
Wilfred McLaughlin to third
David Smith to second
Runner from 3rd tries for Home, throw and OUT!
Bottom of the 7th over - 0 run(s), 3 hit(s), 0 error(s), 2 left on base; Austin 9 - Thunder Bay 4
TOP OF THE 8TH
Austin Rangers batting - Pitching for Thunder Bay Northern Lions BC : LHP Jake O'Tomalty
Batting: RHB José Muńóz 0-0: Called Strike
0-1: Ball
1-1: Called Strike
1-2: Strikes out swinging
Batting: LHB Count Dante 0-0: Ball
1-0: Called Strike
1-1: SOLO HOME RUN (Flyball, 78XD), Distance : 423 ft
Batting: LHB Jesús Reyes 0-0: Ball
1-0: Called Strike
1-1: Ball
2-1: Called Strike
2-2: Foul Ball, location: 2F
2-2: Strikes out swinging
Batting: SHB Xavier Vásquez 0-0: Ball
1-0: Ball
2-0: Foul Ball, location: 2F
2-1: Foul Ball, location: 2F
2-2: Strikes out swinging
Top of the 8th over - 1 run(s), 1 hit(s), 0 error(s), 0 left on base; Austin 10 - Thunder Bay 4
BOTTOM OF THE 8TH
Thunder Bay Northern Lions BC batting - Pitching for Austin Rangers : RHP Albert Emery
Batting: RHB Ray John 0-0: Ball
1-0: Fly out, F4 (Popup, 34D)
Batting: LHB Ramón Gómez 0-0: Ball
1-0: Ball
2-0: Swinging Strike
2-1: Foul Ball, location: 2F
2-2: SINGLE (Line Drive, 89M)
Batting: RHB António Mendoza 0-0: Called Strike
0-1: Foul Ball, location: 2F
0-2: Fly out, F7 (Flyball, 7)
Batting: SHB Terumoto Kurihara 0-0: Called Strike
0-1: Ball
1-1: Swinging Strike
1-2: Strikes out swinging
Bottom of the 8th over - 0 run(s), 1 hit(s), 0 error(s), 1 left on base; Austin 10 - Thunder Bay 4
TOP OF THE 9TH
Austin Rangers batting - Pitching for Thunder Bay Northern Lions BC : LHP Jake O'Tomalty
Batting: RHB Jeff Green 0-0: Ball
1-0: Foul Ball, location: 2F
1-1: Called Strike
1-2: Strikes out swinging
Batting: RHB Matt Sheppard 0-0: Called Strike
0-1: Foul Ball, location: 2F
0-2: Fly out, F4 (Popup, 34D)
Batting: LHB Enrique Sánchez 0-0: Foul Ball, location: 2F
0-1: Ball
1-1: Ball
2-1: SINGLE (Flyball, 56D)
Batting: RHB Rodney Hanna 0-0: Called Strike
0-1: Foul Ball, location: 2F
0-2: Ball
1-2: Ball
2-2: Ball
3-2: Base on Balls
Enrique Sánchez to second
Batting: RHB Miguel Morán 0-0: Fielders Choice at 2nd, U4 (Groundball, 4M)
Top of the 9th over - 0 run(s), 1 hit(s), 0 error(s), 2 left on base; Austin 10 - Thunder Bay 4
BOTTOM OF THE 9TH
Thunder Bay Northern Lions BC batting - Pitching for Austin Rangers : RHP Albert Emery
Batting: RHB Keith Fish 0-0: Foul Ball, location: 2F
0-1: SINGLE (Groundball, 6MD)
Batting: RHB Wilfred McLaughlin 0-0: Ball
1-0: Grounds into double play, 5-4-3 (Groundball, 5L)
Batting: LHB David Smith 0-0: Ground out 4-3 (Groundball, 4)
Bottom of the 9th over - 0 run(s), 1 hit(s), 0 error(s), 0 left on base; Austin 10 - Thunder Bay 4
Saturday, May 26th, 2018 - OOTP Baseball 17.12 Build 75